 Dungeon Crawl Stone Soup version 0.29.1-1-gd02db6906a (webtiles) character file.

Game seed: 12865632973226268467

3481 virigoth the Cleaver (level 9, 0/75 HPs)
             Began as a Minotaur Berserker on Sept 23, 2022.
             Was an Elder of Trog.
             Slain by an unseen horror (6 damage)
             ... on level 8 of the Dungeon.
             The game lasted 00:14:29 (7137 turns).

virigoth the Cleaver (Minotaur Berserker)           Turns: 7137, Time: 00:14:30

Health: 0/75       AC: 12    Str: 21    XL:     9   Next: 79%
Magic:  17/17      EV: 12    Int:  8    God:    Trog [****..]
Gold:   43         SH:  0    Dex: 15    Spells: 8/8 levels left

rFire   + . .      SeeInvis .   a - +2 war axe (freeze)
rCold   + . .      Faith    .   (no shield)
rNeg    . . .      Spirit   .   F - +5 scale mail "Uleacvoph" {rElec rC+ MP+9 Dex+4}
rPois   +          Reflect  .   (helmet restricted)
rElec   +          Harm     .   (no cloak)
rCorr   .          Rampage  .   (no gloves)
Will    .....                   (no boots)
Stlth   ..........              (no amulet)
HPRegen 0.22/turn               s - ring of poison resistance
MPRegen 0.15/turn               y - ring of protection from fire

@: weak-willed
A: horns 2, retaliatory headbutt
a: Renounce Religion, Berserk, Trog's Hand, Brothers in Arms


You were on level 8 of the Dungeon.
You worshipped Trog.
Trog was greatly pleased with you.
You visited 1 branch of the dungeon, and saw 8 of its levels.

You collected 265 gold pieces.
You spent 222 gold pieces at shops.

Inventory:

Hand Weapons
 a - a +2 war axe of freezing (weapon)
 b - a +1 shortbow of flaming
 t - a +2 whip of freezing
Missiles
 D - 7 poisoned darts
Armour
 j - a +0 chain mail
 w - the +2 ring mail of the Jackalope {Harm Dex-4 SInv}
   (You found it on level 4 of the Dungeon)

   Dex:       It affects your dexterity (-4).
   SInv:      It lets you see invisible.
   Harm:      It increases damage dealt and taken.
 F - the +5 scale mail "Uleacvoph" (worn) {rElec rC+ MP+9 Dex+4}
   (You bought it in a shop on level 7 of the Dungeon)

   Dex:       It affects your dexterity (+4).
   rC:        It protects you from cold.
   rElec:     It insulates you from electricity.
   MP:        It affects your magic capacity (+9).
Jewellery
 c - a ring of fire
 s - a ring of poison resistance (left hand)
 y - a ring of protection from fire (right hand)
 B - a ring of flight
 C - a ring of resist corrosion
Wands
 v - a wand of mindburst (5) (quivered)
Scrolls
 g - a scroll of poison {unknown}
 i - a scroll of acquirement {unknown}
 l - 3 scrolls of teleportation {!r}
 x - a scroll of enchant armour {unknown}
 z - a scroll of magic mapping
 A - 2 scrolls of amnesia
 E - 2 scrolls of vulnerability
Potions
 e - a potion of cancellation {unknown}
 k - a potion of attraction {unknown}
 o - a potion of ambrosia {unknown}
 p - 2 potions of haste {!q}
 q - 2 potions of curing {!q}
 u - a potion of magic {unknown}


   Skills:
 - Level 6.2 Fighting
 * Level 11.5 Axes
 + Level 5.1 Ranged Weapons
 - Level 5.6 Armour
 + Level 5.6 Dodging
 + Level 4.8 Evocations


You had 8 spell levels left.
You didn't know any spells.
Your spell library was empty.

Dungeon Overview and Level Annotations

Branches:
Dungeon (8/15)             Temple (0/1) D:4
   Lair: D:8-11

Altars:
Fedhas
Xom

Shops:
D:6 ?   D:7 [


Innate Abilities, Weirdness & Mutations

You have a pair of horns on your head.
You reflexively headbutt those who attack you in melee.


Message History

Your surroundings suddenly seem different.
Something hits you.
* * * LOW HITPOINT WARNING * * *
Really quaff
m - a potion of heal wounds {!q}?
You feel much better.
You recover from your berserk rage.
Something hits you but does no damage.
As you read the scroll labelled JOUMON MUUCW, it crumbles to dust.
You feel aware of your surroundings.
It was a scroll of magic mapping.
Something hits you.
* * * LOW HITPOINT WARNING * * *
As you read the scroll labelled WOWAEDE GIPPU, it crumbles to dust.
It is a scroll of amnesia.
You feel forgetful for a moment. Something hits you.
* * * LOW HITPOINT WARNING * * *
As you read the scroll labelled BOYFYI FUKUSALL, it crumbles to dust.
Magic quickly surges around you.
It was a scroll of vulnerability.
Something hits you.
* * * LOW HITPOINT WARNING * * *
Something barely misses you.
Something hits you but does no damage. x2
Something hits you!
* * * LOW HITPOINT WARNING * * *
Something hits you.
* * * LOW HITPOINT WARNING * * *
Really quaff
q - 3 potions of curing {!q}?
You feel better. Something hits you.
* * * LOW HITPOINT WARNING * * *
A bullfrog comes into view.
The bullfrog croaks.
Something hits you.
* * * LOW HITPOINT WARNING * * *
Something completely misses you. Something hits you but does no damage.
Something hits you.
* * * LOW HITPOINT WARNING * * *
Something hits you but does no damage. Something hits you.
* * * LOW HITPOINT WARNING * * *
Something hits you.
You die...

,,,,,,###.)......#~,~,,.~,~*
,,,,,,#.......#..#~(≈._.~,~*****
,,,,,,*,,**#.##..#~.≈...~,~*,,,*
,,,,,,**,**#....##¤..≈≈¤,,~*,,,*
,**,,,*#.#.#.....#.≈≈≈≈≈~~,*,,***
***,,**#.......†<#....¤¤,,,*,,,,*
,,>,,....##..#.†..#********,*,,,,
,*,,,[.,##..##....# *,,**,,,,,,,
**,,,,,*#....#..H## ***,,,,,,,,,*
,,,,,,,,#.........# *,,,,,,,,,*,*
,,,,..,*##.##....###*,,,,,,,,****
,*,,....##.........##,,,,,,,***
,*,,........F.#.....#..,,,,,,,*
,,**,....##............,,,,,,**
,,,,,...,#......$.#....,,,,,,*
**,,,,,#..#.##....#..#.,,,,,,****
***,,,*##.#.####..#,..,,,,,,,,,,,


You could see a bullfrog.

Vanquished Creatures
  A two-headed ogre (D:7)
  Pikel (D:7)
  2 water moccasins
  2 black bears
  2 sky beasts (D:7)
  3 ogres
  A kobold brigand (D:6)
  3 lemures (D:7)
  A bullfrog (D:6)
  A scorpion (D:5)
  16 killer bees
  A howler monkey (D:6)
  A gnoll bouda (D:7)
  3 hounds
  A jelly (D:6)
  2 orc priests (D:3)
  Terence (D:2)
  4 iguanas
  12 gnolls
  9 adders
  4 river rats (D:7)
  4 white imps
  An ufetubus (D:6)
  A dart slug (D:1)
  6 orcs
  7 ball pythons
  9 endoplasms
  11 giant cockroaches
  12 goblins
  11 hobgoblins
  14 jackals
  3 kobolds
  6 quokkas
  6 bats
  2 frilled lizards (D:1)
  5 rats
169 creatures vanquished.

Vanquished Creatures (others)
  19 plants
19 creatures vanquished.

Grand Total: 188 creatures vanquished

Notes
Turn   | Place    | Note
-------+----------+-------------------------------------------
     0 | D:1      | virigoth the Minotaur Berserker began the quest for the
                  | Orb.
     0 | D:1      | Reached XP level 1. HP: 19/19 MP: 0/0
    94 | D:2      | Reached skill level 4 in Axes
   364 | D:1      | Reached XP level 2. HP: 25/27 MP: 1/1
   786 | D:1      | Reached XP level 3. HP: 26/33 MP: 2/2
  1258 | D:2      | Noticed Terence
  1267 | D:2      | Killed Terence
  1268 | D:2      | Reached skill level 5 in Axes
  1268 | D:2      | Reached XP level 4. HP: 41/41 MP: 3/3
  1273 | D:2      | Reached ** piety under Trog
  1901 | D:3      | Reached XP level 5. HP: 33/47 MP: 4/4
  2526 | D:3      | Reached skill level 6 in Axes
  2584 | D:3      | Reached skill level 5 in Fighting
  2585 | D:3      | Reached *** piety under Trog
  3052 | D:4      | Reached XP level 6. HP: 56/56 MP: 5/5
  3366 | D:5      | Entered Level 5 of the Dungeon
  3401 | D:4      | Reached skill level 7 in Axes
  3451 | D:4      | Found a staircase to the Ecumenical Temple.
  3492 | D:4      | Identified the +2 ring mail of the Jackalope {Harm Dex-4
                  | SInv}
  3844 | D:5      | Reached skill level 5 in Armour
  3844 | D:5      | Reached XP level 7. HP: 28/62 MP: 6/6
  4104 | D:5      | Reached skill level 1 in Evocations
  4916 | D:6      | Reached skill level 8 in Axes
  5361 | D:6      | Reached XP level 8. HP: 55/70 MP: 7/7
  5492 | D:6      | Found Joyl's Magic Scroll Emporium.
  5497 | D:6      | Reached skill level 1 in Ranged Weapons
  5502 | D:6      | Bought a scroll of identify for 24 gold pieces
  5551 | D:6      | Found a shimmering altar of Xom.
  5896 | D:7      | Found Sisouc's Antique Armour Boutique.
  6039 | D:7      | Bought a faintly glowing scale mail for 198 gold pieces
  6039 | D:7      | Identified the +5 scale mail "Uleacvoph" {rElec rC+ MP+9
                  | Dex+4} (You bought it in a shop on level 7 of the Dungeon)
  6099 | D:7      | Reached skill level 9 in Axes
  6218 | D:7      | Noticed Pikel
  6238 | D:7      | Killed Pikel
  6329 | D:7      | Reached **** piety under Trog
  6352 | D:7      | Noticed a two-headed ogre
  6356 | D:7      | HP: 5/70 [two-headed ogre/+0 giant club (14)]
  6360 | D:7      | Reached skill level 10 in Axes
  6360 | D:7      | Reached XP level 9. HP: 40/75 MP: 8/8
  6360 | D:7      | Killed a two-headed ogre
  6372 | D:7      | Reached skill level 5 in Dodging
  6821 | D:7      | Reached skill level 11 in Axes
  7096 | D:8      | Reached skill level 5 in Ranged Weapons
  7103 | D:8      | Found a blossoming altar of Fedhas.
  7123 | D:8      | HP: 2/75 [something (6)]
  7130 | D:8      | HP: 4/75 [something (5)]
  7135 | D:8      | HP: 7/75 [something (1)]
  7137 | D:8      | Slain by an unseen horror

Illustrated notes

Levels and vault maps discovered:
D:1:      evilmike_arrival_hilbert_curve, layout_loops_ring, minmay_statues_item
D:2:      layout_rooms, serial_corexii_hall, chequers_hall_statues_y,
          corexii_hall_statues_l, chequers_serial_rivers_micro_b,
          minmay_goblin_outpost, uniq_terence
D:3:      layout_loops_ring, gup_sewer_entry_pipe, grunt_ministairs_15
D:4:      layout_cave_pools, minmay_temple_entry_wispy
D:5:      layout_loops_ring, serial_bayou_pond_c, kennysheep_generic_room_11
D:6:      layout_basic, mainiacjoe_overflow_brackets, serial_shops,
          nicolae_shop_stone
D:7:      wad_woods_tower, layout_basic, serial_shops,
          nicolae_shop_advertising_works [nicolae_subvault_shop_adworks],
          uniq_pikel, uniq_crazy_yiuf_cottage
D:8:      layout_cave_pools, mainiacjoe_overflow_paths

Skill      XL: |  1  2  3  4  5  6  7  8  9 |
---------------+----------------------------+-----
Axes           | 4 5 6 7 8 10 11 | 11.5
Fighting       | 4 5 6 |  6.2
Armour         | 3 4 5 |  5.6
Evocations     | 2 3 4 |  4.8
Ranged Weapons | 3 5 |  5.1
Dodging        | 4 5 |  5.6

Action                   |  1- 3 |  4- 6 |  7- 9 || total
-------------------------+-------+-------+-------++-------
Melee: Hand axe          |    47 |       |       ||    47
       Headbutt          |    10 |    19 |    19 ||    48
       War axe           |    21 |   136 |   148 ||   305
       Punch             |       |     1 |     2 ||     3
 Fire: Shortbow          |       |       |    23 ||    23
Invok: Berserk           |     1 |       |     2 ||     3
  Use: Scroll            |       |       |     8 ||     8
       Potion            |       |       |     5 ||     5
Armor: Animal skin       |     6 |       |       ||     6
       Ring mail         |    22 |     5 |       ||    27
       Chain mail        |       |    81 |    61 ||   142
       Scale mail        |       |       |    64 ||    64
Dodge: Dodged            |    55 |    79 |   146 ||   280
